 Dungeon Crawl Stone Soup version 0.25-a0-294-gea9b1ad378 (webtiles) character file.

Game seed: 9742920261502088193, levelgen mode: deterministic

249 night the Ruffian (level 5, -1/42 HPs)
             Began as a Demonspawn Gladiator on Dec 19, 2019.
             Slain by a worker ant (3 damage)
             ... on level 4 of the Dungeon.
             The game lasted 00:08:58 (4302 turns).

night the Ruffian (Demonspawn Gladiator)            Turns: 4302, Time: 00:08:59

Health: -1/42      AC:  6    Str: 15    XL:     5   Next: 87%
Magic:  0/5        EV: 12    Int: 10    God:
Gold:   209        SH:  0    Dex: 14    Spells: 4/4 levels left

rFire    . . .     SeeInvis .     - Unarmed
rCold    . . .     Gourm    .   (no shield)
rNeg     . . .     Faith    .   a - +0 leather armour
rPois    .         Spirit   +   b - +0 helmet
rElec    .         Reflect  .   (no cloak)
rCorr    .         Harm     .   (no gloves)
MR       .....                  (no boots)
Stlth    ++........             (no amulet)
HPRegen  0.14/turn              (no ring)
MPRegen  0.09/turn              (no ring)

@: lethally poisoned (-1 -> -3)
A: molten scales 1, nightstalker 1, magic shield
a: no special abilities


You were on level 4 of the Dungeon.
You were not hungry.

You visited 1 branch of the dungeon, and saw 4 of its levels.

You collected 209 gold pieces.

Inventory:

Missiles
 c - 6 throwing nets (quivered)
 e - 40 arrows
 l - a stone
 n - 3 curare-tipped darts
 s - 15 poisoned darts
Armour
 a - a +0 leather armour (worn)
 b - a +0 helmet (worn)
Jewellery
 j - an uncursed ring of wizardry {unknown}
Scrolls
 f - 4 scrolls of remove curse {unknown}
 g - a scroll of immolation {unknown}
 i - 3 scrolls of identify {unknown}
 k - a scroll of magic mapping {unknown}
 m - a scroll of fog {unknown}
 q - 3 scrolls of enchant weapon {unknown}
Potions
 h - 2 potions of brilliance {unknown}
 o - a potion of haste
 p - a potion of curing {unknown}
Comestibles
 d - 7 rations


   Skills:
 + Level 4.0 Fighting
 - Level 1.7 Throwing
 - Level 2.6 Dodging
 * Level 5.1 Unarmed Combat


You had 4 spell levels left.
You didn't know any spells.
Your spell library was empty.

Dungeon Overview and Level Annotations

Branches:
Dungeon (4/15)
 Temple: D:4-7

Altars:
Dithmenos
Kikubaaqudgha


Innate Abilities, Weirdness & Mutations

You are partially covered in molten scales. (AC +2)
You are slightly more attuned to the shadows.
When hurt, damage is shared between your health and your magic reserves.


Message History

The jackal closely misses you.
You hit the jackal.
The jackal is moderately wounded.
The worker ant bites you.
* * * LOW HITPOINT WARNING * * *
The jackal bites you but does no damage.
You barely miss the jackal.
The jackal is moderately wounded.
You feel sick. The worker ant barely misses you. The jackal barely misses you.
You hit the jackal.
You kill the jackal!
The worker ant closely misses you.
You hit the worker ant but do no damage.
You feel sick. The worker ant bites you.
* * * LOW HITPOINT WARNING * * *
The worker ant bites you.
* * * LOW HITPOINT WARNING * * *
You hit the worker ant but do no damage.
The worker ant bites you.
You die...

[.....
...... .....
.... ####
..#
####..##..##
#....@a†...#
#..<......<#
#..........#
##.........#
#.........#
#.........+
#.........#
#....##..


You could see a worker ant.

Vanquished Creatures
  A bullfrog skeleton (D:4)
  An iguana (D:3)
  An orc wizard (D:3)
  7 gnolls
  An adder (D:2)
  An ooze (D:3)
  6 leopard geckos
  2 orcs (D:3)
  3 giant cockroaches
  8 hobgoblins
  9 jackals
  14 bats
  9 frilled lizards
  6 goblins
  7 kobolds
  9 rats
85 creatures vanquished.

Notes
Turn   | Place    | Note
-------+----------+-------------------------------------------
     0 | D:1      | night the Demonspawn Gladiator began the quest for the Orb.
     0 | D:1      | Reached XP level 1. HP: 16/16 MP: 1/1
   174 | D:1      | Reached skill level 3 in Unarmed Combat
   174 | D:1      | Gained mutation: When hurt, damage is shared between your
                  | health and your magic reserves. [demonic ancestry]
   174 | D:1      | Reached XP level 2. HP: 18/23 MP: 2/2
  1308 | D:2      | Reached XP level 3. HP: 28/28 MP: 3/3
  2061 | D:2      | Found a shadowy altar of Dithmenos.
  2158 | D:2      | Gained mutation: You are partially covered in molten
                  | scales. (AC +2) [demonic ancestry]
  2158 | D:2      | Reached XP level 4. HP: 22/35 MP: 2/4
  2279 | D:2      | Reached skill level 4 in Unarmed Combat
  2801 | D:2      | Found an ancient bone altar of Kikubaaqudgha.
  3173 | D:3      | Gained mutation: You are slightly more attuned to the
                  | shadows. [demonic ancestry]
  3173 | D:3      | Reached XP level 5. HP: 33/41 MP: 3/5
  4293 | D:4      | Reached skill level 5 in Unarmed Combat
  4301 | D:4      | HP: 2/42 [worker ant (3)]
  4302 | D:4      | Slain by a worker ant

Levels and vault maps discovered:
D:1:      co_arrival_square_in_a_square_in_a_square, layout_basic,
          corner_web_ring, st_stairs_2
D:2:      layout_loops_ring, old_standard_altar,
          grunt_dithmenos_smoke_and_mirrors
D:3:      layout_basic, first_ration, hangedman_decor_growths
D:4:      layout_gridville, eat_drink_and_be_merry_uskayaw,
          minmay_misc_feat_room

Skill      XL: |  1  2  3  4  5 |
---------------+----------------+-----
Unarmed Combat | 3 4 5 |  5.1
Fighting       | 3 4 |  4.0
Throwing       | |  1.7
Dodging        | |  2.6

Action                   |  1- 3 |  4- 6 || total
-------------------------+-------+-------++-------
Melee: Unarmed           |   156 |   198 ||   354
       Punch             |     1 |     2 ||     3
  Use: Potion            |       |     3 ||     3
 Stab: Sleeping          |     1 |     2 ||     3
  Eat: Chunk             |     4 |     7 ||    11
Armor: Leather armour    |    49 |    62 ||   111
Dodge: Dodged            |   109 |   129 ||   238

Table legend:
 A = Non-vault XP
 B = Vault XP
 C = Vault XP percentage of total XP
 D = Non-vault monster count
 E = Vault monster count
 F = Vault count percentage of total count
                 A         B        C        D         E       F
            +---------+---------+-------+---------+---------+-------
      Total |     354 |       3 |   0.8 |      83 |       2 |   2.4
            +---------+---------+-------+---------+---------+-------
        D:1 |      61 |       3 |   4.7 |      25 |       2 |   7.4
        D:2 |     110 |       0 |   0.0 |      22 |       0 |   0.0
        D:3 |     135 |       0 |   0.0 |      32 |       0 |   0.0
        D:4 |      48 |       0 |   0.0 |       4 |       0 |   0.0
            +---------+---------+-------+---------+---------+-------
